 Dungeon Sprint DCSS version 0.31-a0-1074-g0b22e4e0f1 (webtiles) character file.

Game seed: 9919980301894905165

10483 tbh1313 the Shatterer (level 11, -1/198 HPs)
             Began as an Ogre Berserker on Nov 28, 2023.
             Was the Champion of Trog.
             Slain by a 12-headed hydra (9 damage)
             ... in the Dungeon (Sprint I: "Red Sonja").
             The game lasted 00:12:16 (2528 turns).

tbh1313 the Shatterer (Ogre Berserker)              Turns: 2528, Time: 00:12:16

Health: -1/198     AC: 12    Str: 27    XL:     11   Next: 62%
Magic:  11/11      EV: 10    Int:  8    God:    Trog [******]
Gold:   349        SH:  0    Dex:  8    Spells: 10/10 levels left

rFire   + + .        w - +2 giant spiked club (heavy)
rCold   x . .        (shield currently unavailable)
rNeg    . . .        q - +0 fire dragon scales
rPois   +            (helmet restricted)
rElec   .            n - +0 cloak
rCorr   .            (gloves unavailable)
SInv    .            (boots unavailable)
Will    +....        (no amulet) Stlth
                     l - ring of poison resistance
HPRegen 0.53/turn    (no ring)
MPRegen 0.12/turn

%: no teleportation
@: berserking, fragile, very quick
A: large, unfitting armour, tough skin 1
a: Renounce Religion, Berserk, Trog's Hand, Brothers in Arms


You were in the Dungeon.
You worshipped Trog.
Trog was exalted by your worship.
You visited 1 branch You collected 1852 gold pieces.
You spent 1503 gold pieces at shops.

Inventory:

Hand Weapons
 a - a +2 giant spiked club of flaming
 b - the +9 giant club of Icubeh {antimagic, rF- Str+2 Dex+3}
   (Trog gifted it to you in the Dungeon)

   Str+2:     It affects your strength (+2).
   Dex+3:     It affects your dexterity (+3).
   rF-:       It makes you vulnerable to fire.
 j - a +0 giant club
 t - a +7 great mace of flaming
 w - a +2 heavy giant spiked club (weapon)
Missiles
 r - 3 curare-tipped darts
Armour
 k - a +0 robe
 n - a +0 cloak (worn)
 q - +0 fire dragon scales (worn)
Jewellery
 l - a ring of poison resistance (left hand)
Wands
 i - a wand of mindburst (19)
 p - a wand of paralysis (6)
Scrolls
 h - 4 scrolls of blinking
 o - 2 scrolls of identify
 s - a scroll of enchant armour
 u - a scroll of brand weapon
Potions
 c - 5 potions of curing
 d - a potion of cancellation
 e - a potion of haste
 f - 2 potions of magic
 g - a potion of berserk rage
 m - 3 potions of might
 v - a potion of mutation


   Skills:
 - Level 15.0 Fighting
 + Level 21.1 Maces & Flails
 - Level 6.0 Armour
 - Level 9.2 Dodging


You had 10 spell levels left.
You didn't know any spells.
Your spell library was empty.

Dungeon Overview and Level Annotations

Branches:
Dungeon (1/1)

Altars:
Cheibriados
Dithmenos
Elyvilon
Fedhas
Gozag
Hepliaklqana
Kikubaaqudgha
Makhleb
Nemelex Xobeh
Okawaru
Qazlal
Ru
Sif Muna
Trog
Uskayaw
Vehumet
Wu Jian
Xom
Yredelemnul
Zin
The Shining One
Jiyva
Lugonu

Shops:
D (=(*?:!!(*[((!?[!


Innate Abilities, Weirdness & Mutations

You are too large for most types of armour.
You have tough skin. (AC +1)


Message History

The 12-headed hydra bites you. The 12-headed hydra barely misses you.
The 12-headed hydra completely misses you.
The 12-headed hydra bites you. The 12-headed hydra barely misses you.
The 12-headed hydra bites you but does no damage. x2
The 12-headed hydra bites you. x2
The glass eye gazes at you.
Your body becomes as fragile as glass!
The 12-headed hydra closely misses you. The 12-headed hydra bites you.
The 12-headed hydra barely misses you.
The 12-headed hydra bites you but does no damage.
The 12-headed hydra bites you! The 12-headed hydra bites you.
The 12-headed hydra bites you! x2
The 12-headed hydra bites you but does no damage. x2
The 12-headed hydra bites you!
* * * LOW HITPOINT WARNING * * *
The 12-headed hydra bites you but does no damage.
A red film seems to cover your vision as you go berserk!
You feel yourself moving faster!
You feel mighty! The glass eye gazes at you.
You feel your fragility will last longer.
The 12-headed hydra barely misses you. x2; The 12-headed hydra bites you!
* * * LOW HITPOINT WARNING * * *
The 12-headed hydra bites you.
* * * LOW HITPOINT WARNING * * *
The 12-headed hydra bites you!
* * * LOW HITPOINT WARNING * * *
The 12-headed hydra bites you but does no damage. x2
The 12-headed hydra closely misses you.
The 12-headed hydra bites you but does no damage.
The 12-headed hydra bites you.
* * * LOW HITPOINT WARNING * * *
The 12-headed hydra barely misses you. The 12-headed hydra bites you.
* * * LOW HITPOINT WARNING * * *
You barely miss the 12-headed hydra.
The 12-headed hydra is lightly wounded.
You are too berserk!
You perforate the 12-headed hydra like a sieve!!!
The 12-headed hydra is almost dead.
The 12-headed hydra bites you but does no damage. x3
The 12-headed hydra bites you!
You die...

#####################
..#.)#.§†§†.§§..@DG$#
..##'#§####§§...##$.+
..)†.#.# ##.§.## ##
###.§'.# ###+#
§##'#### §#..°..#
.#...°.+ '###.○.#
.'§#○○.#


You could see a 12-headed hydra and a glass eye.

Levels and vault maps discovered:
D:        dungeon_sprint_1 [red_sonja_temple_1, red_sonja_temple_small_1]

Notes
Turn   | Place    | Note
-------+----------+-------------------------------------------
     0 | D        | tbh1313 the Ogre Berserker began the quest for the Orb.
     0 | D        | Reached XP level 1. HP: 24/24 MP: 1/1
     1 | D        | Noticed Ijyb
    11 | D        | Killed Ijyb
    12 | D        | Reached skill level 6 in Maces & Flails
    12 | D        | Reached XP level 2. HP: 23/32 MP: 2/2
    12 | D        | Reached XP level 3. HP: 28/39 MP: 3/3
    83 | D        | Noticed an ogre
    89 | D        | Killed an ogre
    90 | D        | Reached skill level 9 in Maces & Flails
    90 | D        | Reached XP level 4. HP: 31/48 MP: 4/4
   179 | D        | Noticed Sigmund
   183 | D        | Killed Sigmund
   183 | D        | Reached ** piety under Trog
   184 | D        | Reached skill level 11 in Maces & Flails
   184 | D        | Reached XP level 5. HP: 54/54 MP: 5/5
   184 | D        | Reached XP level 6. HP: 62/62 MP: 6/6
   225 | D        | Found an ornate altar of the Wu Jian Council.
   225 | D        | Found a shimmering blue altar of Sif Muna.
   227 | D        | Found a radiant altar of Vehumet.
   232 | D        | Reached skill level 12 in Maces & Flails
   256 | D        | Found Zuis's Jewellery Emporium.
   256 | D        | Found an ancient bone altar of Kikubaaqudgha.
   256 | D        | Found a hazy altar of Hepliaklqana.
   256 | D        | Found a stormy altar of Qazlal.
   256 | D        | Found a hide-covered altar of Uskayaw.
   256 | D        | Found a blossoming altar of Fedhas.
   256 | D        | Found a bloodstained altar of Trog.
   256 | D        | Found an iron altar of Okawaru.
   256 | D        | Found a basalt altar of Yredelemnul.
   256 | D        | Found a glowing golden altar of the Shining One.
   256 | D        | Found a snail-covered altar of Cheibriados.
   256 | D        | Found a sacrificial altar of Ru.
   256 | D        | Found a glowing silver altar of Zin.
   256 | D        | Found a shadowy altar of Dithmenos.
   256 | D        | Found a white marble altar of Elyvilon.
   256 | D        | Noticed a yak
   262 | D        | HP: 4/62 [yak (12)]
   265 | D        | Killed a yak
   266 | D        | Reached skill level 13 in Maces & Flails
   266 | D        | Reached XP level 7. HP: 6/70 MP: 7/7
   473 | D        | Found an opulent altar of Gozag.
   474 | D        | Found a sparkling altar of Nemelex Xobeh.
   478 | D        | Bought a ring of poison resistance for 280 gold pieces
   492 | D        | Found a viscous altar of Jiyva.
   492 | D        | Found a corrupted altar of Lugonu.
   492 | D        | Noticed a slime creature
   499 | D        | Killed a slime creature
   500 | D        | Reached skill level 14 in Maces & Flails
   500 | D        | Found a burning altar of Makhleb.
   500 | D        | Found a shimmering altar of Xom.
   621 | D        | Noticed a kobold demonologist
   621 | D        | Noticed a glass eye
   622 | D        | Noticed a kobold demonologist
   625 | D        | Noticed an orange demon
   631 | D        | Killed a kobold demonologist
   631 | D        | Reached *** piety under Trog
   632 | D        | Reached XP level 8. HP: 71/84 MP: 8/8
   635 | D        | Killed a kobold demonologist
   636 | D        | Reached skill level 15 in Maces & Flails
   636 | D        | Reached skill level 5 in Dodging
   640 | D        | Killed a glass eye
   640 | D        | Reached **** piety under Trog
   752 | D        | Noticed a centaur warrior
   752 | D        | Noticed a centaur warrior
   768 | D        | Killed a centaur warrior
   769 | D        | Reached skill level 16 in Maces & Flails
   769 | D        | Reached XP level 9. HP: 48/96 MP: 9/9
   770 | D        | Killed a centaur warrior
   771 | D        | Reached skill level 18 in Maces & Flails
   947 | D        | Noticed a hornet
   951 | D        | Killed a hornet
   996 | D        | Noticed an oklob plant
  1000 | D        | Killed an oklob plant
  1000 | D        | Reached ***** piety under Trog
  1001 | D        | Reached skill level 10 in Fighting
  1177 | D        | Noticed a deep troll
  1183 | D        | Killed a deep troll
  1184 | D        | Reached XP level 10. HP: 65/114 MP: 10/10
  1357 | D        | Found Lolli's Armour Emporium.
  1458 | D        | Killed an unseen horror
  1458 | D        | Received a gift from Trog
  1459 | D        | Reached skill level 1 in Armour
  1472 | D        | HP: 10/117 [something (7)]
  1700 | D        | Killed an unseen horror
  1832 | D        | Reached ****** piety under Trog
  1832 | D        | Identified the +9 giant club of Icubeh {antimagic, rF-
                  | Str+2 Dex+3} (Trog gifted it to you in the Dungeon)
  1832 | D        | Received a gift from Trog
  1922 | D        | Bought +0 fire dragon scales for 660 gold pieces
  1939 | D        | Noticed Sonja
  1943 | D        | Killed Sonja
  1944 | D        | Reached skill level 5 in Armour
  2030 | D        | Found Nutepuoph's General Store.
  2030 | D        | Found Qywu's Weapon Shop.
  2030 | D        | Found Qoronoc's Magic Scroll Boutique.
  2032 | D        | Found Laoma's Book Emporium.
  2032 | D        | Found Gegeompe's Distillery.
  2032 | D        | Found Anyrcheagu's Distillery.
  2032 | D        | Found Loraoble's Weapon Boutique.
  2032 | D        | Found Hocrodont's Assorted Antiques.
  2032 | D        | Found Sontecaina's Antique Armour Shop.
  2032 | D        | Found Ibraodom's Weapon Shoppe.
  2033 | D        | Bought a scroll of enchant armour for 82 gold pieces
  2033 | D        | Bought a scroll of identify for 22 gold pieces
  2035 | D        | Bought a scroll of enchant weapon for 105 gold pieces
  2035 | D        | Bought a scroll of brand weapon for 133 gold pieces
  2035 | D        | Found Bahinuma's Antique Weapon Boutique.
  2036 | D        | Found Loaleu's Magic Scroll Emporium.
  2036 | D        | Found Nuneung's Distillery.
  2037 | D        | Bought a potion of might for 40 gold pieces
  2037 | D        | Found Daahuch's Distillery.
  2040 | D        | Bought a metallic purple potion for 25 gold pieces
  2044 | D        | Bought a cloak for 112 gold pieces
  2052 | D        | Bought a scroll of identify for 22 gold pieces
  2052 | D        | Bought a scroll of identify for 22 gold pieces
  2091 | D        | Found Qeqedgh's Antique Weapon Boutique.
  2179 | D        | Noticed a demonic crawler
  2179 | D        | Noticed a demonic crawler
  2179 | D        | Noticed a demonic crawler
  2179 | D        | Noticed a demonic crawler
  2180 | D        | Killed a demonic crawler
  2183 | D        | Killed a demonic crawler
  2184 | D        | Reached XP level 11. HP: 124/131 MP: 3/11
  2191 | D        | Killed a demonic crawler
  2191 | D        | Identified the +2 dire flail of Xeothyve {flame, Str+3
                  | SInv} (Trog gifted it to you in the Dungeon)
  2191 | D        | Received a gift from Trog
  2192 | D        | Reached skill level 15 in Fighting
  2192 | D        | Reached skill level 19 in Maces & Flails
  2193 | D        | Killed a demonic crawler
  2366 | D        | Noticed a lindwurm
  2368 | D        | Killed a lindwurm
  2369 | D        | Reached skill level 20 in Maces & Flails
  2414 | D        | Received a gift from Trog
  2427 | D        | Received a gift from Trog
  2437 | D        | Reached skill level 21 in Maces & Flails
  2523 | D        | Noticed a 12-headed hydra
  2526 | D        | HP: 16/198 [12-headed hydra (14)]
  2526 | D        | HP: 7/198 [12-headed hydra (3)]
  2528 | D        | Slain by a 12-headed hydra

Table legend: (Time is in decaauts)
 A = Elapsed time spent in this place.
 B = Non-inter-level travel time spent in this place.
 C = Inter-level travel time spent in this place.
 D = Time resting spent in this place.
 E = Time spent auto-exploring this place.
 F = Levels seen in this place.
 G = Mean time per level.
                   A        B        C        D        E       F      G
               +--------+--------+--------+--------+--------+-----+--------+
         Total |   2596 |   2445 |    151 |   1783 |      7 |   1 | 2596.0 |
       Dungeon |   2596 |   2445 |    151 |   1783 |      7 |   1 | 2596.0 |
               +--------+--------+--------+--------+--------+-----+--------+

Top non-repeatable levels by time:
       D: 2596 daAuts

Table legend:
 A = Kills in this place as a percentage of kills in the entire game.
 B = Kills by you in this place as a percentage of kills by you in the entire game.
 C = Kills by friends in this place as a percentage of kills by friends in the entire game.
 D = Other kills in this place as a percentage of other kills in the entire game.
 E = Experience gained in this place as a percentage of experience gained in the entire game.
 F = Experience gained in this place divided by the number of levels of this place that you have seen.
                   A       B       C       D       E      F
               +-------+-------+-------+-------+-------+----------------------
         Total | 100.0 | 100.0 | 100.0 |   N/A | 100.0 | 14977.0
       Dungeon | 100.0 | 100.0 | 100.0 |   N/A | 100.0 | 14977.0
               +-------+-------+-------+-------+-------+----------------------

Action                     |  1- 3 |  4- 6 |  7- 9 | 10-12 || total
---------------------------+-------+-------+-------+-------++-------
  Melee: Mace              |    13 |       |       |       ||    13
         Giant club        |       |    11 |    41 |    61 ||   113
         Giant spiked club |       |       |       |    37 ||    37
 Invoke: Berserk           |     2 |     1 |     4 |     6 ||    13
         Trog's Hand       |       |       |       |     1 ||     1
         Brothers in Arms  |       |       |       |     1 ||     1
    Use: Scroll            |       |       |       |     5 ||     5
         Potion            |       |       |       |     1 ||     1
 Armour: Animal skin       |     6 |     2 |       |       ||     8
         Robe              |       |     6 |    36 |    35 ||    77
         Fire dragon scale |       |       |       |    76 ||    76
  Dodge: Dodged            |     1 |     3 |    14 |    48 ||    66

Vanquished Creatures
  2 centaur warriors (D)
  3 demonic crawlers (D)
  Sonja (D)
  A deep troll (D)
  A lindwurm (D)
  An oklob plant (D)
  A gargoyle (D)
  2 unseen horrors (D)
  2 kobold demonologists (D)
  A hornet (D)
  2 glass eyes (D)
  A slime creature (D)
  Sigmund (D)
  A yak (D)
  13 hogs (D)
  2 redbacks (D)
  An ogre (D)
  7 necrophages (D)
  8 jellies (D)
  Ijyb (D)
52 creatures vanquished.

Vanquished Creatures (collateral kills)
  A demonic crawler (D)
1 creature vanquished.

Vanquished Creatures (others)
  2 ballistomycete spores (D)
2 creatures vanquished.

Grand Total: 55 creatures vanquished
